 Dungeon Crawl Stone Soup version 0.26.0-10-g1f06aea511 (webtiles) character file.

Game seed: 5984545290602575884

24 Borgoz the Slasher (level 3, -8/30 HPs)
             Began as a Ghoul Gladiator on Jan 16, 2021.
             Mangled by a gnoll
             ... wielding a +0 halberd
              (10 damage)
             ... on level 3 of the Dungeon.
             The game lasted 00:02:45 (911 turns).

Borgoz the Slasher (Ghoul Gladiator)                 Turns: 911, Time: 00:02:45

Health: -8/30      AC:  4    Str: 17    XL:     3   Next: 2%
Magic:  2/2        EV: 11    Int:  3    God:
Gold:   106        SH:  3    Dex: 11    Spells: 2/2 levels left

rFire    . . .     SeeInvis .   a - +0 long sword
rCold    + . .     Faith    .   j - +0 buckler
rNeg     + + +     Spirit   .   b - +0 leather armour
rPois    ∞         Reflect  .   c - +0 helmet
rElec    .         Harm     .   (no cloak)
rCorr    .         Rampage  .   (no gloves)
Will     .....                  (no boots)
Stlth    +.........             h - amulet of inaccuracy (curse)
HPRegen  0.00/turn              (no ring)
MPRegen  0.08/turn              (no ring)

@: no status effects
A: claws 1, cold resistance 1, negative energy resistance 3, inhibited
regeneration, torment resistance, unbreathing
a: no special abilities


You were on level 3 of the Dungeon.
You visited 1 branch of the dungeon, and saw 3 of its levels.

You collected 106 gold pieces.

Inventory:

Hand Weapons
 a - a +0 long sword (weapon)
Missiles
 d - 3 throwing nets (quivered)
Armour
 b - a +0 leather armour (worn)
 c - a +0 helmet (worn)
 j - a +0 buckler (worn)
Jewellery
 h - a cursed amulet of inaccuracy (around neck)
Scrolls
 k - a scroll of identify
 m - a scroll of enchant weapon {unknown}
Potions
 e - 3 potions of lignification
 f - a potion of degeneration {unknown}
 g - a potion of ambrosia {unknown}
 i - 2 potions of curing {unknown}
 l - a potion of brilliance {unknown}


   Skills:
 + Level 2.5 Fighting
 * Level 3.1 Long Blades
 - Level 1.7 Throwing
 + Level 0.7 Armour
 + Level 2.9 Dodging


You had 2 spell levels left.
You didn't know any spells.
Your spell library was empty.

Dungeon Overview and Level Annotations

Branches:
Dungeon (2/15)

Altars:


Innate Abilities, Weirdness & Mutations

You thrive by killing the living.
You are immune to poison.
You have sharp fingernails.
Your flesh is cold resistant. (rC+)
You are immune to negative energy. (rN+++)
You do not regenerate when monsters are visible.
You are immune to unholy pain and torment.
You can survive without breathing.


Message History

You closely miss the gnoll.
The gnoll is moderately wounded.
An orc comes into view. It is wielding a +0 falchion.
The gnoll hits you with a +0 spear.
You barely miss the gnoll.
The gnoll is moderately wounded.
The gnoll misses you.
You riposte.
You miss the gnoll.
The gnoll is moderately wounded.
The gnoll completely misses you.
You barely miss the gnoll.
The gnoll is moderately wounded.
The orc shouts!
The gnoll closely misses you. The gnoll hits you with a +0 spear!
* * * LOW HITPOINT WARNING * * *
You completely miss the gnoll.
The gnoll is moderately wounded.
The gnoll hits you with a +0 spear.
* * * LOW HITPOINT WARNING * * *
The gnoll hits you from afar with a +0 halberd!
You die...

.!. .. o..
... ... #.#
#.# #.# #g#
#.# #g# #.#
#g#
#.####.###@##
#.........†.#
#..###.###..#
#.# #.....
#.# ##.####
#.# .# #.. .#
##. .# .


You could see 3 gnolls and an orc.

Vanquished Creatures
  2 leopard geckos
  4 bats
  A giant cockroach (D:1)
  3 hobgoblins
  4 jackals (D:1)
  A frilled lizard (D:2)
  2 goblins (D:1)
  2 kobolds (D:1)
  A rat (D:1)
20 creatures vanquished.

Vanquished Creatures (others)
  A plant (D:1)
1 creature vanquished.

Grand Total: 21 creatures vanquished

Notes
Turn   | Place    | Note
-------+----------+-------------------------------------------
     0 | D:1      | Borgoz the Ghoul Gladiator began the quest for the Orb.
     0 | D:1      | Reached XP level 1. HP: 17/17 MP: 0/0
    98 | D:1      | Reached XP level 2. HP: 25/25 MP: 1/1
   193 | D:1      | Reached skill level 3 in Long Blades
   891 | D:2      | You fall into a shaft and drop 1 floor!
   899 | D:3      | Reached XP level 3. HP: 21/30 MP: 2/2
   911 | D:3      | Mangled by a gnoll

Illustrated notes

Levels and vault maps discovered:
D:1:      psy_arrival_fountain, layout_basic, serial_bayou_lake_a
D:2:      layout_basic, grunt_gozag_breadcrumbs,
          chequers_ecumenical_altar_simple, chequers_big_river, uniq_sigmund
D:3:      layout_loops_ring, lightli_sewer_entry_pipes, minmay_lizard_king

Skill      XL: |  1  2 |
---------------+-------+-----
Long Blades    | 3 |  3.1
Fighting       | |  2.5
Throwing       | |  1.7
Armour         | |  0.7
Dodging        | |  2.9

Action                   || total
-------------------------++-------
Melee: Long sword        ||   100
  Use: Scroll            ||     5
Armor: Leather armour    ||    39
Dodge: Dodged            ||    76
Block: Buckler           ||    16
       Rpst.: Long sword ||    31
